 Dungeon Crawl Stone Soup version 0.18.1-8-gdd0e5ea (webtiles) character file.

365 epen the Changer (level 6, 0/46 HPs)
             Began as a Merfolk Transmuter on May 21, 2016.
             Slain by a hound (5 damage)
             ... on level 4 of the Dungeon.
             The game lasted 00:07:32 (5702 turns).

epen the Changer (Merfolk Transmuter)               Turns: 5702, Time: 00:07:32

Health: 0/46       AC:  2    Str: 11    XL:     6   Next: 68%
Magic:  3/10       EV: 14    Int: 14    God:
Gold:   124        SH:  0    Dex: 14    Spells: 3 memorised, 4 levels left

rFire  . . .     SeeInvis .     k - +1 dagger (speed)
rCold  . . .     Gourm    .     b - +0 robe
rNeg   . . .     Faith    .     (no shield)
rPois  .         Spirit   .     (no helmet)
rElec  .         Dismiss  .     (no cloak)
rCorr  .         Reflect  .     (no gloves)
SustAt .         Harm     .     (no boots)
MR     .....                    (no amulet)
Stlth  ++........               (no ring)
                                u - ring of stealth

@: not resistant to hostile enchantments, unstealthy
A: change form in water, swift swim
a: no special abilities


You were on level 4 of the Dungeon.
You were hungry.

You visited 1 branch of the dungeon, and saw 4 of its levels.

You collected 124 gold pieces.

Inventory:

Hand Weapons
 k - a +1 dagger of speed (weapon)
Missiles
 a - 56 arrows
Armour
 b - a +0 robe (worn)
Jewellery
 f - an uncursed amulet of dismissal
 u - a ring of stealth (left hand)
Scrolls
 e - 3 scrolls of remove curse
 l - a scroll of noise
 n - a scroll of fog {unknown}
 q - 3 scrolls of teleportation
Potions
 g - 5 potions of curing
 h - a potion of berserk rage
 j - a potion of ambrosia {unknown}
 m - a potion of invisibility {unknown}
 s - a potion of resistance
 t - a potion of magic
 v - a potion of mutation {unknown}
Books
 c - a book of Changes

   Spells                             Type                      Level
   a - Beastly Appendage              Transmutation                1
   b - Sticks to Snakes               Transmutation                2
   c - Spider Form                    Transmutation/Poison         3
   d - Ice Form                       Ice/Transmutation            4
   e - Blade Hands                    Transmutation                5
 r - a book of Summonings

   Spells                             Type                      Level
   a - Recall                         Summoning/Translocation      3
   b - Aura of Abjuration             Summoning                    5
   c - Summon Demon                   Summoning                    5
   d - Summon Forest                  Summoning/Translocation      5
   e - Summon Mana Viper              Hexes/Summoning              5
   f - Shadow Creatures               Summoning                    6
 x - a book of Unlife

   Spells                             Type                      Level
   a - Recall                         Summoning/Translocation      3
   b - Animate Dead                   Necromancy                   4
   c - Control Undead                 Necromancy                   4
   d - Cigotuvi's Embrace             Necromancy                   5
   e - Death Channel                  Necromancy                   6
   f - Simulacrum                     Ice/Necromancy               6
Miscellaneous
 p - a plain deck of defence {drawn: 1}
Comestibles
 d - 3 bread rations
 i - 6 meat rations
 o - 3 chunks of flesh
 w - 5 fruits


   Skills:
 + Level 2.9 Fighting
 + Level 4.0 Dodging
 * Level 4.9 Unarmed Combat
 + Level 2.6 Spellcasting
 * Level 5.3 Transmutations
 + Level 1.4 Evocations


You had 4 spell levels left.
You knew the following spells:

 Your Spells              Type           Power        Failure   Level  Hunger
a - Beastly Appendage     Trmt           ###...       2%          1    #......
b - Sticks to Snakes      Trmt           ###.....     4%          2    ###....
c - Spider Form           Trmt/Pois      #.........   24%         3    ###....


Dungeon Overview and Level Annotations

Branches:
Dungeon (4/15)
 Temple: D:4-7

Altars:
Ashenzari
Pakellas


Message History

You create a snake!
You now have 56 arrows.
The hound bites you.
* * * LOW HITPOINT WARNING * * *
Your magical contamination has completely faded away.
Your ball python barely misses the hound.
Your ball python closely misses the hound.
The hound misses you. The hound closely misses you.
Your ball python misses the hound.
Your ball python grabs the hound.
Your ball python constricts the hound.
The hound struggles to escape constriction.
The hound struggles to escape constriction.
Your ball python completely misses the hound.
Your ball python constricts the hound.
The hound struggles to escape constriction.
Your ball python bites the hound.
Your ball python constricts the hound.
Your horns disappear.
The hound bites you.
* * * LOW HITPOINT WARNING * * *
The hound bites you.
You die...

##### #....# ##.##..#
##...##..##########
##.....##.)....S...#
###.......###S######.#
###....._.......# #.# .#
....#.......###h######.###...#
######.....###..@<...........#
# ##...## #..#####........# #
##.##...... w............ #
#.###.#....###.......... # #
### ######. ###........ # .#.#
. #......## # ##.#.## ..
##.#...# ##.....# ......
##.....##


You could see a hound and a friendly ball python.

Vanquished Creatures
  3 hounds (D:4)
  A worker ant (D:4)
  5 adders
  2 shadow imps
  A worm (D:2)
  2 dart slugs
  3 giant geckos
  A ball python (D:2)
  5 giant cockroaches
  7 goblins
  11 hobgoblins
  7 jackals
  9 kobolds
  A quokka (D:2)
  12 bats
  2 giant newts
  12 rats
84 creatures vanquished.

Vanquished Creatures (collateral kills)
  An ogre (D:4)
  Ijyb (D:2)
  An iguana (D:4)
  A worker ant (D:3)
  3 worms (D:2)
  A dart slug (D:2)
8 creatures vanquished.

Grand Total: 92 creatures vanquished

Notes
Turn   | Place    | Note
--------------------------------------------------------------
     0 | D:1      | epen the Merfolk Transmuter began the quest for the Orb.
     0 | D:1      | Reached XP level 1. HP: 15/15 MP: 3/3
   493 | D:1      | Reached XP level 2. HP: 15/21 MP: 5/5
   497 | D:1      | Learned a level 2 spell: Sticks to Snakes
   513 | D:1      | Reached skill level 3 in Transmutations
  1134 | D:1      | Reached XP level 3. HP: 26/26 MP: 6/6
  1139 | D:1      | Learned a level 3 spell: Spider Form
  1879 | D:2      | Noticed Ijyb
  1898 | D:2      | Killed Ijyb
  1898 | D:2      | Reached XP level 4. HP: 14/33 MP: 1/7
  2172 | D:2      | Reached skill level 4 in Transmutations
  2703 | D:2      | Found a shattered altar of Ashenzari.
  3476 | D:3      | Reached XP level 5. HP: 38/38 MP: 8/8
  4700 | D:3      | Reached skill level 1 in Evocations
  5237 | D:4      | Reached XP level 6. HP: 25/46 MP: 4/9
  5265 | D:4      | Reached skill level 5 in Transmutations
  5602 | D:4      | Found an oddly glowing altar of Pakellas.
  5702 | D:4      | Slain by a hound

Skill      XL: |  1  2  3  4  5  6 |
---------------+-------------------+-----
Dodging        | 3 4 |  4.0
Transmutations | 3 4 5 |  5.3
Unarmed Combat | 4 |  4.9
Fighting       | 2 |  2.9
Evocations     | 1 |  1.4
Spellcasting   | |  2.6

Action                   |  1- 3 |  4- 6 || total
-------------------------+-------+-------++-------
Melee: Unarmed           |    63 |       ||    63
       Tailslap          |     1 |       ||     1
       Dagger            |    56 |   406 ||   462
       Punch             |       |     3 ||     3
       Headbutt          |       |     3 ||     3
 Cast: Sticks to Snakes  |     3 |    17 ||    20
       Beastly Appendage |       |     2 ||     2
Evoke: Deck              |     1 |       ||     1
  Use: Scroll            |       |    11 ||    11
       Potion            |       |     1 ||     1
 Stab: Sleeping          |     1 |     4 ||     5
  Eat: Chunk             |     3 |    13 ||    16
Armor: Robe              |    16 |    57 ||    73
Dodge: Dodged            |    74 |   251 ||   325
